AoeStats
← Youtellme

Black Forest

510928369Analyzed
3v3 RM · 15h ago on Oct 3, 2026· 50m 27s· 6 players
Game mode
Random Map
Map size
Normal (6 player)
Population
200
Speed
Normal
Resources
Standard
Victory
Conquest
Starting age
Dark Age
Ending age
Imperial Age
RankedLock teamsTeams togetherTeam positionsShared explorationLock speedFull tech treeHidden civsTurbo modeCheats
Victory
Defeat
🇦🇺 Khmer · Australia
873
+17
🇦🇺 Japanese · Australia
858
+17
🇦🇺 Teutons · Australia
848
+18
🇦🇷 Koreans · Argentina
899
-18
🇺🇸 Inca · United States
885
-17
🇨🇴 Sicilians · Colombia
870
-17
PFTBaller
0:32 Loom
11:05 Feudal Age
16:55 Arson
16:31 Champi Runner
22:03 Castle Age
23:08 Squires
24:55 Pikeman
26:55 Double-Bit Axe
28:23 Champi Warrior
33:54 Thumb Ring
33:38 Champi Warrior
34:24 Horse Collar
34:58 Bow Saw
34:40 Fletching
36:33 Town Watch
38:35 Scale Mail Armor
38:30 Bodkin Arrow
38:37 Padded Archer Armor
38:47 Forging
43:08 Imperial Age
41:20 Wheelbarrow
40:49 Town Patrol
44:08 Elite Skirmisher
45:37 Conscription
46:19 Chain Mail Armor
Rogebeto
0:34 Loom
14:19 Feudal Age
15:03 Double-Bit Axe
18:04 Wheelbarrow
20:41 Arson
28:09 Castle Age
26:04 Horse Collar
26:16 Gold Mining
26:17 Stone Mining
37:32 Heavy Plow
41:31 Gold Shaft Mining
41:32 Stone Shaft Mining
43:56 Imperial Age
41:38 Fletching
43:47 Bow Saw
44:16 Pikeman
44:56 Squires
44:42 Gambesons
45:32 Onager
48:26 First Crusade
SherlockLopez Arg.
0:27 Loom
13:19 Feudal Age
13:52 Gold Mining
13:52 Double-Bit Axe
23:12 Castle Age
21:45 Fletching
21:53 Stone Mining
21:54 Horse Collar
24:00 Wheelbarrow
24:17 Bow Saw
36:40 Imperial Age
35:16 Heavy Plow
36:22 Gold Shaft Mining
35:30 Treadmill Crane
37:09 Stone Shaft Mining
36:58 Elite War Wagon
38:04 Conscription
38:17 Murder Holes
38:34 Fortified Wall
40:20 Two-Man Saw
40:47 Hand Cart
41:01 Forging
41:10 Caravan
42:25 Chemistry
41:48 Guilds
41:05 Heavy Rocket Cart
42:25 Iron Casting
42:31 Scale Barding Armor
43:08 Ballistics
42:54 Eupseong
44:14 Chain Barding Armor
43:51 Bodkin Arrow
43:57 Scale Mail Armor
43:44 Elite Skirmisher
44:31 Thumb Ring
44:51 Masonry
46:43 Bracer
46:59 Chain Mail Armor
46:51 Squires
46:11 Pikeman
46:37 Arson
47:55 Shinkichon
49:11 Plate Mail Armor
49:14 Architecture
48:32 Arrowslits
Fart-Lick
0:59 Loom
12:09 Feudal Age
17:06 Arson
17:52 Scale Mail Armor
17:32 Man-at-Arms
21:28 Forging
29:20 Castle Age
30:24 Horse Collar
30:32 Double-Bit Axe
33:25 Iron Casting
34:34 Wheelbarrow
33:46 Town Watch
34:24 Bow Saw
33:43 Crossbowman
34:50 Guard Tower
36:47 Stone Mining
36:47 Gold Mining
37:01 Heavy Plow
38:03 Murder Holes
39:24 Hand Cart
39:07 Gambesons
38:45 Long Swordsman
39:32 Thumb Ring
39:54 Ballistics
40:10 Coinage
42:00 Padded Archer Armor
41:48 Treadmill Crane
48:07 Imperial Age
45:47 Yasama
47:08 Caravan
51:05 Chemistry
50:41 Keep
51:23 Two-Man Saw
51:39 Gold Shaft Mining
BottomFeeder
0:27 Loom
12:47 Feudal Age
24:07 Castle Age
22:43 Stone Mining
27:06 Wheelbarrow
28:38 Fortified Wall
30:05 Double-Bit Axe
32:22 Ballistics
34:54 Stone Shaft Mining
34:13 Gold Mining
38:33 Imperial Age
38:40 Imperial Age
36:30 Hand Cart
37:52 Caravan
40:31 Chemistry
39:24 Arrowslits
40:10 Crenellations
40:01 Town Watch
41:10 Conscription
41:05 Horse Collar
42:59 Fletching
Youtellme
0:31 Loom
11:45 Feudal Age
16:05 Castle Age
16:12 Double-Bit Axe
24:47 Horse Collar
27:22 Husbandry
32:17 Wheelbarrow
35:34 Imperial Age
33:33 Caravan
34:03 Coinage
34:54 Hand Cart
37:45 Chemistry
36:51 Siege Engineers
37:07 Ballistics
38:40 Double Crossbow
40:04 Coinage
39:32 Gold Mining
39:32 Stone Mining
40:13 Murder Holes
40:29 Masonry
43:09 Banking
42:25 Heavy Scorpion
45:10 Hoardings
45:34 Gold Shaft Mining
45:34 Stone Shaft Mining
45:12 Fortified Wall
49:23 Town Watch
50:09 Architecture
49:31 Guard Tower
Connection lost

Rejoining the realm…

Still unreachable

The connection could not be restored.

Session expired

The server has moved on; the page needs a fresh start.